 Dungeon Crawl Stone Soup version 0.28.0-53-g5a82cb258f (webtiles) character file.

Game seed: 13974147453223760277

60 Zeld the Magician (level 3, -1/19 HPs)
             Began as a Deep Elf Fire Elementalist on May 22, 2022.
             Slain by a hound (5 damage)
             ... on level 3 of the Dungeon.
             The game lasted 00:01:41 (2776 turns).

Zeld the Magician (Deep Elf Fire Elementalist)      Turns: 2776, Time: 00:01:42

Health: -1/19      AC:  2    Str:  5    XL:     3   Next: 80%
Magic:  19/19      EV:  9    Int: 21    God:
Gold:   21         SH:  0    Dex: 15    Spells: 4/10 levels left

rFire   . . .      SeeInvis .   (no weapon)
rCold   . . .      Faith    .   (no shield)
rNeg    . . .      Spirit   .   a - +0 robe
rPois   .          Reflect  .   (no helmet)
rElec   .          Harm     .   (no cloak)
rCorr   .          Rampage  .   (no gloves)
Will    .....                   (no boots)
Stlth   +.........              (no amulet)
HPRegen 0.06/turn               b - ring of magical power
MPRegen 0.16/turn               (no ring)

@: confused, constricted
A: no striking features
a: no special abilities


You were on level 3 of the Dungeon.
You visited 1 branch of the dungeon, and saw 3 of its levels.

You collected 102 gold pieces.
You spent 81 gold pieces at shops.

Inventory:

Armour
 a - a +0 robe (worn)
Jewellery
 b - a ring of magical power (left hand)
Scrolls
 c - a scroll of fog {unknown}
 f - 5 scrolls of identify {unknown}
 h - a scroll of teleportation {unknown}
Potions
 d - 3 potions of curing {unknown}
 e - a potion of haste {unknown}
 g - a potion of ambrosia {unknown}
 i - a potion of attraction {unknown}
 j - a potion of brilliance {unknown}
 k - 2 potions of flight {unknown}


   Skills:
 - Level 2.4 Dodging
 - Level 2.4 Stealth
 * Level 4.3 Spellcasting
 + Level 2.0 Conjurations
 * Level 4.2 Fire Magic


You had 4 spell levels left.
You knew the following spells:

 Your Spells              Type           Power      Damage    Failure   Level
a - Foxfire               Conj/Fire      68%        2x1d7     3%          1
b - Scorch                Fire           44%        2d7       3%          2
c - Inner Flame           Hex/Fire       13%        N/A       14%         3

Your spell library contained the following spells:

 Spells                   Type           Power      Damage    Failure   Level
 Conjure Flame            Conj/Fire      17%        6-21      10%         3
 Flame Wave               Conj/Fire      17%        2d6       32%         4


Dungeon Overview and Level Annotations

Branches:
Dungeon (3/15)

Altars:

Shops:
D:2 *


Message History

You can't see any susceptible monsters within range! (Use Z to cast anyway.) Magic restored.
Key pressed, stopping explore.
HP restored.
Things that are here:
a +0 dagger; a +0 leather armour Done exploring.
There is a stone staircase leading down here.
You climb downwards.
You hear the sound of rushing water.
There is an entrance to a sewer on this level.
Hurry and find it before the portal rusts away!
You hear the brisk rusting of a very distant drain.
The hound bites you. The ball python closely misses you. x2
The orc wizard points at you and mumbles some strange words.
You are confused.
The hound bites you but does no damage.
There is a stone staircase leading up here.
You're too confused to cast spells.
Unknown command.
The ball python closely misses you. The ball python barely misses you.
The hound closely misses you.
The orc wizard hits you with a +0 dagger.
In your confused state, you trip and fall back down the stairs.
The hound barely misses you. The ball python misses you.
The ball python grabs you. The ball python constricts you.
The orc wizard barely misses you. The hound barely misses you.
There are no items here.
You're too confused to move!
The ball python barely misses you. The ball python constricts you.
The hound bites you. The orc wizard closely misses you.
The ball python misses you. The ball python constricts you.
The ball python's grasp on you weakens, but your attempt to escape fails.
The hound barely misses you.
The ball python bites you but does no damage.
The ball python constricts you.
The orc wizard hits you but does no damage.
The hound bites you.
* * * LOW HITPOINT WARNING * * *
You bump into the rock wall.
The hound bites you.
You die...

### ...####
....... #
..(.... .#
)......##.#####
......o)S......
..(...h@#
.########


You could see a hound, an orc wizard and a ball python.

Vanquished Creatures
  An adder (D:2)
  3 orcs
  7 endoplasms
  3 giant cockroaches
  4 hobgoblins
  4 jackals (D:2)
  A quokka (D:1)
  5 ball pythons
  5 bats
  2 frilled lizards (D:2)
  4 kobolds
  4 rats
43 creatures vanquished.

Vanquished Creatures (others)
  50 foxfires
50 creatures vanquished.

Grand Total: 93 creatures vanquished

Notes
Turn   | Place    | Note
-------+----------+-------------------------------------------
     0 | D:1      | Zeld the Deep Elf Fire Elementalist began the quest for the
                  | Orb.
     0 | D:1      | Reached XP level 1. HP: 10/10 MP: 6/6
   320 | D:1      | Found a faded altar of an unknown god.
   359 | D:1      | Reached XP level 2. HP: 15/15 MP: 8/8
   395 | D:1      | Learned a level 2 spell: Scorch
  1455 | D:2      | Reached XP level 3. HP: 19/19 MP: 10/10
  1463 | D:2      | Learned a level 3 spell: Inner Flame
  2125 | D:2      | Found Ydohueth's Assorted Antiques.
  2132 | D:2      | Bought an orange potion for 27 gold pieces
  2132 | D:2      | Bought an amethyst potion for 27 gold pieces
  2132 | D:2      | Bought an orange potion for 27 gold pieces
  2776 | D:3      | Slain by a hound

Illustrated notes

Levels and vault maps discovered:
D:1:      heliophobic_arrival_ceremonial_halls, layout_basic,
          nicolae_ecumenical_snake_handling
D:2:      minmay_general_purpose_star, layout_basic, serial_shops,
          nicolae_shop_overgrown_old_shop, minmay_fountain_box,
          minmay_octomino_c4
D:3:      layout_basic, portal_sewer_entry_e, uniq_sigmund

Skill      XL: |  1  2  3 |
---------------+----------+-----
Spellcasting   | 4 |  4.3
Fire Magic     | 4 |  4.2
Conjurations   | 2 |  2.0
Dodging        | |  2.4
Stealth        | |  2.4

Action                   || total
-------------------------++-------
Melee: Unarmed           ||     8
 Cast: Foxfire           ||    31
       Scorch            ||    39
Armor: Robe              ||    13
Dodge: Dodged            ||    32
